 Dungeon Crawl Stone Soup version 0.30-a0-782-ge64f9170bb (webtiles) character file.

Game seed: 16496315152797058969

18507 CrazyBamboolord the Cleaver (level 12, -5/95 HPs)
             Began as a Demonspawn Fighter on Feb 27, 2023.
             Was an Elder of Makhleb.
             Slain by a harpy simulacrum (9 damage)
             ... in an ice cave.
             The game lasted 00:31:33 (15229 turns).

CrazyBamboolord the Cleaver (Demonspawn Fighter)   Turns: 15229, Time: 00:31:34

Health: -5/95      AC: 15    Str: 22    XL:     12   Next: 28%
Magic:  18/18      EV: 16    Int: 10    God:    Makhleb [****..]
Gold:   668        SH:  5    Dex: 12    Spells: 11/11 levels left

rFire   . . .      SeeInvis .    a - +2 war axe (vamp)
rCold   + . .      Faith    .    c - +0 buckler
rNeg    . . .      Spirit   .    b - +0 scale mail
rPois   .          Reflect  .    t - +2 hat
rElec   .          Harm     .    E - +0 cloak
rCorr   .          Rampage  .    (no gloves)
Will    .....                    v - +2 pair of boots Stlth
                                 (no amulet)
HPRegen 0.35/turn                D - ring of protection from cold
MPRegen 0.16/turn                N - +5 ring of evasion

@: no status effects
A: claws 1, repulsion field 1, demonic guardian 2, powered by death 1
a: Renounce Religion, Minor Destruction, Lesser Servant of Makhleb, Major
Destruction


You were in an ice cave.
You worshipped Makhleb.
Makhleb was greatly pleased with you.
You visited 3 branches of the dungeon, and saw 13 of its levels.
You also visited: Ice Cave.

You collected 806 gold pieces.
You spent 138 gold pieces at shops.

Inventory:

Hand Weapons
 a - a +2 vampiric war axe (weapon)
 C - a +3 hand axe
Missiles
 p - 3 throwing nets
Armour
 b - a +0 scale mail (worn)
 c - a +0 buckler (worn)
 l - a +0 helmet
 s - the +0 cloak of Privacy {Str+4 Dex+4 Slay-6}
   (You found it on level 11 of the Dungeon)

   Str:       It affects your strength (+4).
   Dex:       It affects your dexterity (+4).
   Slay:      It affects your accuracy & damage with ranged weapons and melee
   (-6).
 t - a +2 hat (worn)
 v - a +2 pair of boots (worn)
 E - a +0 cloak (worn)
Jewellery
 m - an amulet of the acrobat
 y - a ring of willpower
 D - a ring of protection from cold (left claw)
 J - an amulet of reflection
 M - a +6 ring of strength
 N - a +5 ring of evasion (right claw)
 O - a ring of willpower
Wands
 d - a wand of flame (7) (quivered)
 x - a wand of iceblast (26)
 H - a wand of digging (2)
Scrolls
 e - 4 scrolls of noise
 f - 5 scrolls of poison
 i - 3 scrolls of immolation
 j - 2 scrolls of fear
 k - a scroll of blinking
 r - a scroll of enchant armour
 w - 2 scrolls of teleportation
 B - a scroll of silence
Potions
 g - 2 potions of mutation
 h - a potion of heal wounds
 n - 5 potions of lignification
 o - 2 potions of degeneration
 q - 2 potions of flight
 u - a potion of cancellation
 z - a potion of brilliance
 A - a potion of magic
 F - a potion of resistance
 G - 2 potions of haste
 K - a potion of might
 L - a potion of invisibility
 P - a potion of curing
Miscellaneous
 I - a phantom mirror


   Skills:
 * Level 9.2 Fighting
 * Level 12.4 Axes
 * Level 8.6 Armour
 * Level 7.1 Shields
 * Level 8.1 Invocations


You had 11 spell levels left.
You didn't know any spells.
Your spell library contained the following spells:

 Spells                   Type           Power      Damage    Failure   Level
 Apportation              Tloc           0%         N/A       73%         1
 Beastly Appendage        Tmut           0%         N/A       73%         1
 Sting                    Tmut/Pois      0%         1d3       73%         1
 Blink                    Tloc           0%         N/A       86%         2
 Ensorcelled Hibernation  Hex/Ice        0%         N/A       86%         2
 Lesser Beckoning         Tloc           0%         N/A       86%         2
 Passwall                 Tmut/Erth      0%         N/A       86%         2
 Poisonous Vapours        Pois/Air       0%         N/A       86%         2
 Wereblood                Tmut           0%         N/A       86%         2
 Gell's Gravitas          Tloc           0%         N/A       97%         3
 Spider Form              Tmut/Pois      0%         N/A       97%         3
 Swiftness                Air            0%         N/A       97%         3
 Teleport Other           Tloc           0%         N/A       97%         3
 Anguish                  Hex/Necr       0%         N/A       100%        4
 Manifold Assault         Tloc           0%         N/A       100%        4
 Olgreb's Toxic Radiance  Pois           0%         N/A       100%        4
 Summon Lightning Spire   Summ/Air       0%         N/A       100%        4
 Alistair's Intoxication  Tmut/Pois      0%         N/A       100%        5
 Dispersal                Tloc           0%         N/A       100%        6
 Storm Form               Tmut/Air       0%         N/A       100%        7
 Maxwell's Capacitive Co  Air            0%         ∞         100%        8


Dungeon Overview and Level Annotations

Branches:
Dungeon (11/15)            Temple (1/1) D:5            Lair (0/5) D:11
    Orc (1/2) D:11          IceCv (1/1)

Altars:
Ashenzari
Cheibriados
Dithmenos
Fedhas
Gozag
Hepliaklqana
Kikubaaqudgha
Makhleb
Nemelex Xobeh
Okawaru
Qazlal
Ru
Sif Muna
Trog
Uskayaw
Vehumet
Wu Jian
Xom
Yredelemnul

Shops:
D:3 *[?[[   D:5 (   D:7 =   D:9 (

Annotations:
D:6 1 runed translucent door, krest's ghost, novice HOFi
D:7 2 transporters, flt's ghost, novice DgTm


Innate Abilities, Weirdness & Mutations

You have sharp fingernails.
You are surrounded by a mild repulsion field. (EV +2)
A demonic guardian rushes to your aid.
You regenerate a little health from kills.


Message History

The harpy simulacrum claws you but does no damage.
The harpy simulacrum claws you. The harpy simulacrum freezes you! You resist.
You block the harpy simulacrum's attack.
The harpy simulacrum barely misses you.
The harpy simulacrum closely misses you.
The harpy simulacrum attacks as you move away!
The harpy simulacrum claws you but does no damage. x2
You block the harpy simulacrum's attack.
The harpy simulacrum claws you but does no damage.
The harpy simulacrum misses you.
The harpy simulacrum closely misses you.
The harpy simulacrum claws you but does no damage.
The harpy simulacrum misses you. The harpy simulacrum claws you.
The harpy simulacrum freezes you. You resist.
The harpy simulacrum claws you but does no damage.
The harpy simulacrum claws you! The harpy simulacrum freezes you! You resist.
The harpy simulacrum completely misses you.
There is an open door, spattered with blood here.
The harpy simulacrum claws you! The harpy simulacrum freezes you! You resist.
The harpy simulacrum claws you but does no damage.
You slash the harpy simulacrum!
The harpy simulacrum is severely damaged.
The harpy simulacrum claws you. The harpy simulacrum freezes you! You resist.
The harpy simulacrum claws you. The harpy simulacrum freezes you! You resist.
* * * LOW HITPOINT WARNING * * *
The harpy simulacrum misses you. The harpy simulacrum claws you.
* * * LOW HITPOINT WARNING * * *
The harpy simulacrum freezes you. You resist.
* * * LOW HITPOINT WARNING * * *
A demonic guardian appears!
You hit the harpy simulacrum but do no damage.
The harpy simulacrum is severely damaged.
The harpy simulacrum barely misses you. The harpy simulacrum claws you.
* * * LOW HITPOINT WARNING * * *
The harpy simulacrum freezes you. You resist.
* * * LOW HITPOINT WARNING * * *
The harpy simulacrum claws you.
* * * LOW HITPOINT WARNING * * *
The harpy simulacrum freezes you! You resist.
You die...

##.............##
#...............#
#...............#
#.......⌠.......#
#...............#
#...............#
##.............##
#.####...####.#
###..#.@.#..###
#⌠)##Z##$⌠#
##+#.4.#+## #.Z.#
#...# #...#
###'#...#'###
#.'.......'.#
###.8...8.###


You could see a dire elephant simulacrum, a harpy simulacrum (ally target) and a
friendly hellwing (summoned).

Vanquished Creatures
  A two-headed ogre (D:9)
  2 death yaks (D:11)
  Urug (D:10)
  Sonja (D:11)
  2 cyclopes (D:11)
  2 orc sorcerers
  2 ice statues (IceCv)
  A gargoyle (D:11)
  Maggie (D:7)
  3 ice devils (IceCv)
  3 trolls
  Sigmund (D:2)
  A shadow (D:10)
  6 yaks (D:10)
  A wyvern (D:7)
  A vampire (D:9)
  2 harpy simulacra (IceCv)
  2 water moccasins
  A black bear (D:5)
  Duvessa (D:6)
  4 orc warriors
  7 centaurs
  An ogre (D:6)
  A lemure (D:6)
  6 kobold brigands
  A phantom (D:5)
  2 bullfrogs
  2 necrophages
  11 wights
  An elephant simulacrum (IceCv)
  14 killer bees
  2 electric eels (D:10)
  A jelly (D:7)
  4 hounds
  7 orc priests
  Jessica (D:3)
  3 iguanas
  7 orc wizards
  Robin (D:2)
  11 gnolls
  6 adders
  14 white imps
  2 ufetubi (IceCv)
  2 worms
  4 dart slugs
  57 orcs
  6 bats
  8 endoplasms
  4 giant cockroaches
  13 goblins
  7 hobgoblins
  7 jackals
  30 kobolds
  4 quokkas (D:2)
  6 ball pythons
  3 frilled lizards
  3 rats
298 creatures vanquished.

Vanquished Creatures (collateral kills)
  Erica (D:9)
  A two-headed ogre (D:10)
  2 death yaks (D:11)
  Pikel (D:6)
  A manticore (D:11)
  A cyclops (D:11)
  3 ice devils (IceCv)
  2 shadows
  Eustachio (D:4)
  A steam dragon (D:8)
  A water moccasin (D:7)
  An acid dragon (D:10)
  An orc warrior (D:9)
  2 lemures (D:6)
  Dowan (D:6)
  A killer bee (D:9)
  An electric eel (D:10)
  A hound (D:4)
  An orc priest (D:7)
  An orc wizard (D:4)
  A polar bear simulacrum (IceCv)
  A shadow imp (D:6)
  3 orcs
  3 goblins (D:2)
  2 hobgoblins (D:2)
  2 kobolds (D:10)
37 creatures vanquished.

Vanquished Creatures (others)
  An orc wizard (D:11)
  2 orcs (Orc:1)
3 creatures vanquished.

Grand Total: 338 creatures vanquished

Notes
Turn   | Place    | Note
-------+----------+-------------------------------------------
     0 | D:1      | CrazyBamboolord the Demonspawn Fighter began the quest for
                  | the Orb.
     0 | D:1      | Reached XP level 1. HP: 18/18 MP: 1/1
    61 | D:1      | Found a faded altar of an unknown god.
   264 | D:1      | Gained mutation: A weak demonic guardian rushes to your
                  | aid. [demonic ancestry]
   264 | D:1      | Reached XP level 2. HP: 14/24 MP: 2/2
   421 | D:1      | Reached skill level 2 in Axes
  1155 | D:2      | Reached XP level 3. HP: 19/29 MP: 3/3
  1622 | D:2      | Reached XP level 4. HP: 23/35 MP: 4/4
  1767 | D:2      | Noticed Robin
  1784 | D:2      | Killed Robin
  1957 | D:2      | Reached skill level 3 in Axes
  2003 | D:2      | Noticed Sigmund
  2014 | D:2      | Killed Sigmund
  2015 | D:2      | Reached skill level 4 in Axes
  2015 | D:2      | Gained mutation: A demonic guardian rushes to your aid.
                  | [demonic ancestry]
  2015 | D:2      | Reached XP level 5. HP: 34/42 MP: 5/5
  2015 | D:2      | Gained mutation: You regenerate a little health from kills.
                  | [demonic ancestry]
  2015 | D:2      | Reached XP level 6. HP: 39/48 MP: 6/6
  2236 | D:3      | Found Lyudolig's Armour Shoppe.
  2236 | D:3      | Found Osyoxuc's Magic Scroll Boutique.
  2261 | D:3      | Bought a scroll of fear for 48 gold pieces
  2261 | D:3      | Bought a scroll of blinking for 90 gold pieces
  2384 | D:3      | Found Loffaarph's Armour Emporium.
  2675 | D:3      | Found Rutaorchi's General Store.
  2677 | D:3      | Noticed Jessica
  2682 | D:3      | Killed Jessica
  2709 | D:3      | Found a stormy altar of Qazlal.
  2748 | D:3      | Found Tenuedwi's Armour Shoppe.
  2853 | D:4      | Found a shadowy altar of Dithmenos.
  2914 | D:4      | Noticed Eustachio
  2940 | D:4      | Killed Eustachio
  2941 | D:4      | Gained mutation: You are surrounded by a mild repulsion
                  | field. (EV +2) [demonic ancestry]
  2941 | D:4      | Reached XP level 7. HP: 7/54 MP: 7/7
  3301 | D:4      | Reached skill level 5 in Axes
  3710 | D:4      | Found a hazy altar of Hepliaklqana.
  4019 | D:5      | Entered Level 5 of the Dungeon
  4064 | D:5      | Found a hide-covered altar of Uskayaw.
  4385 | D:5      | Found a staircase to the Ecumenical Temple.
  4407 | D:5      | Reached skill level 6 in Axes
  4445 | D:5      | Found Nowueschi's Weapon Emporium.
  4493 | Temple   | Entered the Ecumenical Temple
  4640 | Temple   | Became a worshipper of Makhleb the Destroyer
  4743 | D:5      | Found an opulent altar of Gozag.
  4945 | D:5      | Reached skill level 5 in Armour
  4945 | D:5      | Reached XP level 8. HP: 58/61 MP: 8/8
  5158 | D:6      | Reached skill level 1 in Invocations
  5363 | D:6      | Noticed Duvessa
  5363 | D:6      | Noticed Pikel
  5367 | D:6      | Noticed Dowan
  5380 | D:6      | Reached skill level 5 in Fighting
  5394 | D:6      | Killed Duvessa
  5550 | D:6      | Killed Pikel
  5551 | D:6      | Reached skill level 7 in Axes
  5552 | D:6      | Killed Dowan
  5553 | D:6      | Gained mutation: You have sharp fingernails. [demonic
                  | ancestry]
  5553 | D:6      | Reached XP level 9. HP: 13/68 MP: 9/11
  6013 | D:6      | Found a runed translucent door.
  6016 | D:6      | Noticed krest's ghost (novice HOFi)
  6271 | D:7      | You fall into a shaft and drop 3 floors!
  6271 | D:10     | Entered Level 10 of the Dungeon
  6401 | D:10     | Noticed Urug
  6410 | D:10     | Killed Urug
  6411 | D:10     | Reached skill level 8 in Axes
  6411 | D:10     | Reached skill level 5 in Shields
  6504 | D:10     | Reached * piety under Makhleb
  6665 | D:9      | Noticed a two-headed ogre
  7164 | D:8      | Found a shimmering blue altar of Sif Muna.
  7350 | D:7      | Reached XP level 10. HP: 49/76 MP: 13/13
  7402 | D:7      | Found Ownih's Jewellery Shoppe.
  7431 | D:7      | Reached ** piety under Makhleb
  7506 | D:7      | Noticed Maggie
  7538 | D:7      | Killed Maggie
  7539 | D:7      | Reached skill level 9 in Axes
  7752 | D:7      | Noticed a moth of wrath
  7753 | D:7      | Noticed flt's ghost (novice DgTm)
  7764 | D:7      | Found a transporter.
  7789 | D:7      | Reached skill level 5 in Invocations
  7884 | D:7      | Found a transporter.
  9213 | D:9      | Noticed Erica
  9222 | D:9      | Killed Erica
  9721 | D:9      | Reached skill level 10 in Axes
 10016 | D:9      | Killed a two-headed ogre
 10154 | D:9      | Found Ynubbusk's Weapon Boutique.
 10408 | D:10     | Found an ancient bone altar of Kikubaaqudgha.
 10760 | D:10     | Noticed a two-headed ogre
 11461 | D:10     | Reached XP level 11. HP: 70/85 MP: 15/15
 11640 | D:10     | Killed a two-headed ogre
 11787 | D:11     | Found a staircase to the Lair.
 11788 | D:11     | Noticed a death yak
 11789 | D:11     | Noticed a death yak
 11791 | D:11     | Noticed a death yak
 11978 | D:11     | Noticed Sonja
 12007 | D:11     | Killed Sonja
 12148 | D:11     | Found a staircase to the Orcish Mines.
 12196 | D:11     | Reached skill level 11 in Axes
 12349 | D:11     | Identified the +0 cloak of Privacy {Str+4 Dex+4 Slay-6}
 12392 | D:11     | Reached *** piety under Makhleb
 12479 | D:11     | Noticed a death yak
 12497 | D:11     | Killed a death yak
 12513 | D:11     | Killed a death yak
 12539 | D:11     | Killed a death yak
 12543 | D:11     | Killed a death yak
 13414 | Orc:1    | Entered Level 1 of the Orcish Mines
 13414 | Orc:1    | Noticed an orc sorcerer
 13418 | Orc:1    | Noticed a sun demon
 13420 | Orc:1    | Noticed an orc sorcerer
 13422 | Orc:1    | Paralysed by an orc sorcerer for 2 turns
 13424 | Orc:1    | HP: 3/85 [sun demon[an orc sorcerer] (11)]
 13425 | Orc:1    | Noticed a sun demon
 13753 | D:11     | Reached **** piety under Makhleb
 13759 | D:11     | Killed an orc sorcerer
 13760 | D:11     | Reached XP level 12. HP: 30/95 MP: 17/17
 14050 | Orc:1    | Reached skill level 12 in Axes
 14073 | Orc:1    | Found a frozen archway.
 14088 | IceCv    | Entered an ice cave
 15229 | IceCv    | HP: 4/95 [harpy simulacrum (4)]
 15229 | IceCv    | Slain by a harpy simulacrum

Illustrated notes

Levels and vault maps discovered:
D:1:      dpeg_arrival_signposts, layout_loops_corners,
          shapermc_ecumenical_altar_starsandcircs
D:2:      minmay_diamond_boxcup, layout_loops_cross, uniq_sigmund, uniq_robin
D:3:      layout_basic, mainiacjoe_overflow_alcove_4, serial_shops, shop_statue,
          shop_statue, shop, shop, nicolae_shop_competitors_out_of_business,
          uniq_jessica
D:4:      cheibrodos_thug_alley, layout_cave_pods, lemuel_crystal_altar,
          nicolae_hepliaklqana_hazy_memory, mainiacjoe_overflow_chevrons,
          uniq_eustachio
D:5:      layout_loops_ring, nicolae_uskayaw_murder_on_the_dancefloor,
          lemuel_coloured_pillars_altar, minmay_temple_entry_drinking_statues,
          serial_shops, shop_fountains, dreamdust_wishing_well
D:6:      layout_rooms, ebering_ghost_sewer_d, uniq_pikel, uniq_duvessa
D:7:      layout_loops_ring, gammafunk_ghost_berserking_beasts, serial_shops,
          nicolae_shop_stone, uniq_maggie
D:8:      layout_gridville, mainiacjoe_overflow_catch_the_wave
D:9:      layout_basic, serial_shops, nicolae_lakefront_shop, uniq_erica
D:10:     layout_basic, mainiacjoe_overflow_24_doors, serial_co_window_serial,
          co_window_paths_b, co_window_corner_a, co_window_corner_a,
          co_window_paths_a, co_window_paths_a, co_window_of_opportunity_c,
          co_window_cross_2, co_window_unsneaky_path_b,
          co_window_of_opportunity_b, co_window_unsneaky_path_c,
          co_window_corner_b, co_window_corner_b, glass_columns_b,
          glass_columns_b, glass_columns_a, glass_columns_c, glass_columns_a,
          uniq_urug
D:11:     layout_small_grid, dpeg_lair_monsters, hiddenorc2_lemuel,
          kennysheep_generic_room_10, uniq_sonja
Temple:   nicolae_temple_bog_church
Orc:1:    layout_diamond_mine, portal_ice_cave_entry_imps, serial_shops,
          nicolae_lakefront_shop
IceCv:    ice_cave_tombish

Skill      XL: |  1  2  3  4  5  6  7  8  9 10 11 12 |
---------------+-------------------------------------+-----
Axes           | 2 4 6 7 8 10 11 12 | 12.4
Armour         | 3 4 5 6 7 8 |  8.6
Shields        | 3 4 5 6 7 |  7.1
Fighting       | 4 5 6 7 9 |  9.2
Invocations    | 3 4 6 7 8 |  8.1

Action                     |  1- 3 |  4- 6 |  7- 9 | 10-12 || total
---------------------------+-------+-------+-------+-------++-------
  Melee: War axe           |   121 |   130 |   105 |   584 ||   940
         Hand axe          |       |       |   261 |   142 ||   403
 Invoke: Minor Destruction |       |       |       |     6 ||     6
  Evoke: Wand              |       |       |     5 |    13 ||    18
    Use: Scroll            |       |     6 |     9 |    10 ||    25
         Potion            |       |     2 |     1 |     2 ||     5
   Stab: Distracted        |       |       |     1 |       ||     1
         Paralysed         |       |       |       |     3 ||     3
 Armour: Scale mail        |    70 |   105 |   151 |   305 ||   631
  Dodge: Dodged            |    50 |    92 |   216 |   449 ||   807
  Block: Buckler           |    27 |    44 |    89 |   272 ||   432
         Reflection        |       |       |       |     8 ||     8

Table legend: (Time is in decaauts)
 A = Elapsed time spent in this place.
 B = Non-inter-level travel time spent in this place.
 C = Inter-level travel time spent in this place.
 D = Time resting spent in this place.
 E = Time spent auto-exploring this place.
 F = Levels seen in this place.
 G = Mean time per level.
                   A        B        C        D        E       F      G
               +--------+--------+--------+--------+--------+-----+--------+
         Total |  15328 |  14668 |    660 |   2258 |   9269 |  14 | 1094.9 |
       Dungeon |  13971 |  13341 |    630 |   1403 |   9139 |  11 | 1270.1 |
        Temple |    165 |    135 |     30 |      0 |    122 |   1 |  165.0 |
  Orcish Mines |     61 |     61 |      0 |      0 |      0 |   1 |   61.0 |
      Ice Cave |   1130 |   1130 |      0 |    855 |      7 |   1 | 1130.0 |
               +--------+--------+--------+--------+--------+-----+--------+

Top non-repeatable levels by time:
    D:11: 1943 daAuts
    D:10: 1912 daAuts
     D:9: 1499 daAuts
     D:8: 1482 daAuts
     D:4: 1191 daAuts
     D:1: 1176 daAuts
     D:2: 1137 daAuts
   IceCv: 1130 daAuts
     D:5: 1065 daAuts
     D:6: 980 daAuts
     D:7: 951 daAuts
     D:3: 631 daAuts
  Temple: 165 daAuts
   Orc:1: 61 daAuts
